 Dungeon Crawl Stone Soup version 0.20-a0-1034-gb277f92 (webtiles) character file.

62309 Fernandocris the Brawler (level 14, -6/146 HPs)
             Began as a Troll Hunter on Mar 24, 2017.
             Was a High Priest of Dithmenos.
             Mangled by a basilisk (11 damage)
             ... on level 13 of the Dungeon on Apr 21, 2017.
             The game lasted 02:00:21 (26640 turns).

Fernandocris the Brawler (Troll Hunter)            Turns: 26640, Time: 02:00:24

Health: -6/146     AC: 12    Str: 24    XL:     14   Next: 63%
Magic:  13/13      EV: 11    Int: 17    God:    Dithmenos [*****.]
Gold:   932        SH: 10    Dex: 11    Spells: 12/13 levels left

rFire    + . .     SeeInvis .     - Unarmed
rCold    + + +     Gourm    +   f - +2 shield {AC+3}
rNeg     . . .     Faith    .   S - +2 robe {rC+ rF+}
rPois    +         Spirit   .   (helmet restricted)
rElec    .         Reflect  .   w - scarf {rC+}
rCorr    .         Harm     .   (gloves unavailable)
MR       +....                  (boots unavailable)
Stlth    ++........             M - amulet of Demons {rPois rC+ Regen+ Str-4 Int+7}
Regen    1.2/turn               (no ring)
MPRegen  0.2/turn               (no ring)

@: mighty, wreathed by umbra
A: unfitting armour, claws 3, iridescent scales 1, fast metabolism 3, gourmand,
sense surroundings 1, regeneration 1, shaggy fur 1, tough skin 2
a: Shadow Step, Shadow Form, Renounce Religion


You were on level 13 of the Dungeon.
You worshipped Dithmenos.
Dithmenos was extremely pleased with you.
You were not hungry.

You visited 4 branches of the dungeon, and saw 22 of its levels.

You collected 2041 gold pieces.
You spent 1109 gold pieces at shops.

Inventory:

Hand Weapons
 r - a +1 hunting sling of velocity
 H - a +4 eveningstar of protection
Missiles
 c - 8 large rocks (quivered)
 s - 164 sling bullets
 t - 575 stones
Armour
 f - a +2 shield of protection (worn)
 v - a +2 robe of magic resistance
 w - a scarf of cold resistance (worn)
 J - a +2 robe
 S - a +2 robe of resistance (worn)
Jewellery
 j - a +2 amulet of reflection
 C - an uncursed ring of fire
 F - a +5 amulet of reflection
 M - the amulet of Demons (around neck) {rPois rC+ Regen+ Str-4 Int+7}
   (You acquired it on level 6 of the Lair of Beasts)

   [amulet of regeneration]

   It affects your strength (-4).
   It affects your intelligence (+7).
   It protects you from cold.
   It protects you from poison.
   It increases your rate of regeneration.
Wands
 a - a wand of confusion (18/48)
 b - a wand of paralysis (8/24)
 g - a wand of polymorph (8/24)
 n - a wand of clouds (5/9)
 o - a wand of scattershot (0/9)
 x - a wand of paralysis (12/24)
 D - a wand of iceblast (0/15)
 I - a wand of lightning (0/15)
 N - a wand of lightning (0/15)
 P - a wand of digging (12/24)
 Q - a wand of polymorph (12/24)
Scrolls
 l - 6 scrolls of remove curse
 m - 5 scrolls of recharging
 y - a scroll of enchant weapon
 B - a scroll of enchant armour
 O - 2 scrolls of amnesia
Potions
 d - a potion of cancellation
 e - 3 potions of might
 h - 5 potions of mutation
 p - 2 potions of lignification
 q - 4 potions of magic
 u - 3 potions of flight
 z - 8 potions of curing
 A - a potion of resistance
 L - a potion of agility
Books
 i - a book of Changes

   Spells                             Type                      Level
   a - Beastly Appendage              Transmutation                1
   b - Sticks to Snakes               Transmutation                2
   c - Spider Form                    Transmutation/Poison         3
   d - Ice Form                       Ice/Transmutation            4
   e - Blade Hands                    Transmutation                5
 E - a book of the Warp

   Spells                             Type                      Level
   a - Gell's Gravitas                Translocation                3
   b - Portal Projectile              Hexes/Translocation          3
   c - Force Lance                    Conjuration/Translocation    4
   d - Dispersal                      Translocation                6
   e - Controlled Blink               Translocation                8
   f - Disjunction                    Translocation                8
 V - a book of Flames

   Spells                             Type                      Level
   a - Flame Tongue                   Conjuration/Fire             1
   b - Throw Flame                    Conjuration/Fire             2
   c - Conjure Flame                  Conjuration/Fire             3
   d - Inner Flame                    Hexes/Fire                   3
   e - Sticky Flame                   Conjuration/Fire             4
   f - Fireball                       Conjuration/Fire             5
   Dithmenos disapproves of the use of such an item.
Comestibles
 k - 12 fruits
 G - 2 bread rations
 K - a royal jelly
 R - 3 meat rations


   Skills:
 + Level 11.6 Fighting
 - Level 3.6 Throwing
 - Level 4.2 Armour
 - Level 7.6 Dodging
 - Level 0.3 Stealth
 * Level 2.4 Shields
 + Level 18.3 Unarmed Combat


You had 12 spell levels left.
You knew the following spells:

 Your Spells              Type           Power        Failure   Level  Hunger
a - Beastly Appendage     Tmut           #.....       67%         1    ##.....


Dungeon Overview and Level Annotations

Branches:
Dungeon (13/15)            Temple (1/1) D:6            Lair (6/6) D:10
 Shoals (0/4) Lair:4        Snake (0/4) Lair:3        Slime (0/5) Lair:6
    Orc (2/2) D:9             Elf (0/3) Orc:2
 Vaults: D:13-14

Altars:
Ashenzari
Cheibriados
Dithmenos
Elyvilon
Fedhas
Gozag
Hepliaklqana
Kikubaaqudgha
Makhleb
Nemelex Xobeh
Okawaru
Qazlal
Ru
Sif Muna
Trog
Uskayaw
Vehumet
Wu Jian
Xom
Yredelemnul
Zin
The Shining One
Beogh
Jiyva

Shops:
D:4 [   D:8 [   D:12 !*   Orc:2 %[(

Annotations:
D:13 Rupert
Lair:2 exclusion: 2 oklob plants
Lair:4 1 runed door


Innate Abilities, Weirdness & Mutations

You are too large for most types of armour.
You have claws for hands.
Your metabolism is lightning-fast.
You like to eat raw meat.
Your natural rate of healing is unusually fast.
You are covered in fur. (AC +1)
You have very tough skin. (AC +2)
You are partially covered in iridescent scales. (AC +2)
You passively map a small area around you.


Message History

* * * LOW HITPOINT WARNING * * *
The basilisk gazes at you.
Rupert hits you with a battleaxe of flaming!
* * * LOW HITPOINT WARNING * * *
Rupert burns you.
* * * LOW HITPOINT WARNING * * *
The basilisk bites you!
* * * LOW HITPOINT WARNING * * *
Rupert hits you with a battleaxe of flaming!
* * * LOW HITPOINT WARNING * * *
You turn to flesh and can move again.
Unknown command.
Okay, then.
You feel much better.
Rupert hits you with a battleaxe of flaming!!
* * * LOW HITPOINT WARNING * * *
Rupert burns you.
* * * LOW HITPOINT WARNING * * *
The basilisk bites you!
You die...

........†............# #[.#
##############.....#.#####..#
* * *#####.)...+.....#..#####
..........##.##.#....... *, ,
..≈≈≈.........#.#.###### *,,
≈≈≈≈≈≈....##..#'#'######
.≈≈≈≈≈.................#
.≈≈≈(..((.(..).........# ,
≈≈≈≈≈≈≈l@.....≈≈.)......# ,
≈≈≈(≈.@......≈≈≈.......#
≈≈≈(.....?.....÷..)....#
≈≈≈≈≈......>............#
.≈........##.##...######
..........##.##...# *
..........##.....(#
......#########.#># . #.### #


You could see Rupert (berserk) and a basilisk.

Vanquished Creatures
  An orc warlord (Orc:1)
  Josephine (D:11)
  Erolcha (D:9)
  Harold (D:10)
  The ghost of fantismo the Impaler, a journeyman MfGl of Yredelemnul (Lair:3)
  3 hydras
  Erica (D:9)
  4 two-headed ogres
  A death yak (D:10)
  Urug (Lair:2)
  2 orc high priests (Orc:2)
  Pikel (D:7)
  2 orc knights
  4 ugly things
  2 deep elf magi
  3 cyclopes
  3 manticores
  2 orc sorcerers
  Maurice (D:11)
  5 black mambas (Lair:6)
  7 elephants
  17 spiny frogs
  An efreet (D:13)
  6 komodo dragons
  A kobold demonologist (D:12)
  3 rime drakes (Lair:6)
  A merfolk (Lair:4)
  2 polar bears
  6 trolls
  A hornet (D:11)
  11 blink frogs
  Grinder (D:5)
  4 slime creatures (D:12)
  7 hippogriffs
  Sigmund (D:5)
  A spriggan (D:7)
  5 wraiths
  2 wyverns
  44 yaks
  2 humans (D:6)
  A hungry ghost (D:12)
  Menkaure (D:6)
  2 basilisks
  A steam dragon (D:9)
  3 wargs (Orc:1)
  13 water moccasins
  Duvessa (D:4)
  5 nagas (Lair:3)
  5 porcupines
  3 slaves
  3 ice beasts
  A sky beast (D:11)
  38 orc warriors
  An eye of draining (D:10)
  A hornet zombie (D:10)
  A phantom (D:10)
  2 black bears
  16 ogres
  14 crocodiles
  6 centaurs
  4 wolves
  Blork the orc (D:5)
  16 bullfrogs
  Dowan (D:4)
  8 scorpions
  5 killer bees (D:12)
  8 wights
  7 howler monkeys
  4 electric eels
  10 crimson imps
  2 bullfrog zombies
  4 centaur zombies
  5 centaur skeletons
  23 orc priests
  Crazy Yiuf (D:4)
  4 hounds
  4 jellies
  4 bullfrog skeletons
  21 orc wizards
  Ijyb (D:5)
  Natasha (D:4)
  4 iguanas
  10 worker ants
  A hound zombie (D:4)
  A hound skeleton (D:5)
  A howler monkey zombie (D:4)
  A worker ant zombie (D:8)
  Robin (D:4)
  18 adders
  6 gnolls
  A howler monkey skeleton (D:7)
  5 shadow imps
  An ooze (D:1)
  2 adder zombies (D:4)
  2 adder skeletons
  2 worms
  3 leopard geckos
  90 orcs
  4 bats
  5 giant cockroaches
  16 goblins
  5 hobgoblins
  7 jackals
  3 quokkas
  2 ball pythons (D:3)
  A ball python zombie (D:4)
  4 frilled lizards
  A giant cockroach zombie (D:4)
  6 kobolds
  3 leopard gecko zombies
  2 quokka zombies (D:4)
  6 rats
629 creatures vanquished.

Vanquished Creatures (others)
  An orc wizard (Orc:2)
  3 orcs
  11 fungi
  6 plants
21 creatures vanquished.

Grand Total: 650 creatures vanquished

Notes
Turn   | Place    | Note
-------+----------+-------------------------------------------
     0 | D:1      | Fernandocris the Troll Hunter began the quest for the Orb.
     0 | D:1      | Reached XP level 1. HP: 19/19 MP: 0/0
   315 | D:1      | Reached skill level 1 in Unarmed Combat
   448 | D:1      | Reached XP level 2. HP: 28/28 MP: 1/1
   884 | D:2      | Reached skill level 2 in Unarmed Combat
   884 | D:2      | Reached XP level 3. HP: 22/35 MP: 2/2
  1318 | D:2      | Found a faded altar of an unknown god.
  1416 | D:2      | Reached skill level 3 in Unarmed Combat
  1542 | D:3      | Reached XP level 4. HP: 44/44 MP: 3/3
  1857 | D:3      | Gained mutation: You passively map a small area around you. [potion of mutation]
  1857 | D:3      | Gained mutation: You are partially covered in iridescent scales. (AC +2) [potion of mutation]
  1896 | D:3      | Noticed a water moccasin
  1913 | D:3      | Killed a water moccasin
  1913 | D:3      | Reached skill level 4 in Unarmed Combat
  1913 | D:3      | Reached XP level 5. HP: 18/53 MP: 4/4
  2487 | D:4      | Noticed Robin
  2492 | D:4      | Noticed an ogre
  2798 | D:4      | Reached XP level 6. HP: 57/61 MP: 5/5
  2823 | D:4      | Reached skill level 5 in Unarmed Combat
  2933 | D:4      | Reached skill level 6 in Unarmed Combat
  2933 | D:4      | Reached XP level 7. HP: 49/68 MP: 6/6
  2952 | D:4      | Killed Robin
  3137 | D:4      | Noticed Natasha
  3141 | D:4      | Killed Natasha
  3173 | D:4      | Found Heimussi's Antique Armour Emporium.
  3199 | D:4      | Bought a runed robe for 66 gold pieces
  3227 | D:4      | Noticed Dowan
  3229 | D:4      | Noticed Duvessa
  3238 | D:4      | Killed Dowan
  3238 | D:4      | Reached skill level 7 in Unarmed Combat
  3245 | D:4      | Killed Duvessa
  3271 | D:4      | Found a blossoming altar of Fedhas.
  3454 | D:4      | Reached XP level 8. HP: 75/79 MP: 7/7
  3576 | D:4      | Found a runed door.
  3616 | D:4      | Noticed Crazy Yiuf
  3622 | D:4      | Killed Crazy Yiuf
  3682 | D:5      | Entered Level 5 of the Dungeon
  3756 | D:4      | Reached skill level 8 in Unarmed Combat
  3824 | D:5      | Noticed Ijyb
  3834 | D:5      | Killed Ijyb
  3834 | D:5      | Reached skill level 5 in Fighting
  3990 | D:5      | Noticed Blork the orc
  4000 | D:5      | Killed Blork the orc
  4000 | D:5      | Reached skill level 9 in Unarmed Combat
  4149 | D:5      | Learned a level 1 spell: Beastly Appendage
  4365 | D:5      | Noticed Grinder
  4396 | D:5      | Killed Grinder
  4396 | D:5      | Reached XP level 9. HP: 73/89 MP: 8/8
  4605 | D:5      | Noticed Sigmund
  4612 | D:5      | Killed Sigmund
  4612 | D:5      | Reached skill level 10 in Unarmed Combat
  4762 | D:6      | Found a glowing golden altar of the Shining One.
  4771 | D:6      | Found a staircase to the Ecumenical Temple.
  4773 | D:6      | Noticed Menkaure
  4787 | D:6      | Killed Menkaure
  4797 | Temple   | Entered the Ecumenical Temple
  5236 | D:6      | Reached skill level 11 in Unarmed Combat
  5379 | D:6      | Found a white marble altar of Elyvilon.
  5379 | D:6      | Found a deep blue altar of Sif Muna.
  5466 | D:6      | Became a worshipper of Elyvilon the Healer
  5513 | D:6      | Found an ornate altar of the Wu Jian Council.
  5513 | D:6      | Found a glowing silver altar of Zin.
  5826 | D:7      | Reached * piety under Elyvilon
  6149 | D:7      | Reached XP level 10. HP: 86/102 MP: 9/9
  6573 | D:8      | Reached skill level 12 in Unarmed Combat
  6574 | D:8      | Found Woadamau's Antique Armour Emporium.
  6575 | D:8      | Noticed Pikel
  6729 | D:7      | Killed Pikel
  6778 | D:7      | Noticed a two-headed ogre
  6787 | D:7      | Killed a two-headed ogre
  6931 | D:8      | Found a hide-covered altar of Uskayaw.
  7098 | D:8      | Reached ** piety under Elyvilon
  7178 | D:8      | Found a shadowy altar of Dithmenos.
  7678 | D:9      | Found a staircase to the Orcish Mines.
  7686 | D:9      | Found a roughly hewn altar of Beogh.
  7697 | D:9      | Reached skill level 13 in Unarmed Combat
  7703 | D:9      | Noticed a two-headed ogre
  7835 | D:9      | Noticed Erica
  7846 | D:9      | Killed Erica
  7971 | D:9      | Reached *** piety under Elyvilon
  8026 | D:9      | Killed a two-headed ogre
  8026 | D:9      | Reached XP level 11. HP: 97/113 MP: 10/10
  8061 | D:9      | Noticed Erolcha
  8440 | D:9      | Killed Erolcha
  8591 | D:10     | Entered Level 10 of the Dungeon
  8606 | D:10     | Noticed Harold
  8636 | D:10     | Killed Harold
  8913 | D:10     | Found a staircase to the Lair.
  8913 | D:10     | Noticed a death yak
  9008 | D:10     | Reached skill level 14 in Unarmed Combat
  9023 | D:10     | Killed a death yak
  9140 | D:10     | Upgraded the game from 0.20-a0-910-gb611367 to 0.20-a0-1020-g7b9e4fe
  9878 | Lair:1   | Entered Level 1 of the Lair of Beasts
 10522 | D:10     | Reached skill level 15 in Unarmed Combat
 10728 | Lair:1   | Reached **** piety under Elyvilon
 10878 | Lair:1   | Reached skill level 1 in Armour
 11467 | Lair:1   | Reached XP level 12. HP: 124/124 MP: 11/11
 11551 | Lair:2   | Noticed a six-headed hydra
 12212 | Lair:2   | Noticed Urug
 12227 | Lair:2   | Killed Urug
 12866 | Lair:3   | Reached ***** piety under Elyvilon
 12995 | Lair:3   | Noticed fantismo's ghost (journeyman MfGl)
 13104 | Lair:3   | Killed fantismo's ghost
 13365 | Lair:3   | Found a staircase to the Snake Pit.
 14291 | Lair:4   | Reached skill level 10 in Fighting
 14292 | Lair:4   | Reached skill level 16 in Unarmed Combat
 14563 | Lair:4   | Found a runed door.
 14790 | Lair:4   | Found a staircase to the Shoals.
 15312 | Lair:5   | Reached ****** piety under Elyvilon
 16069 | Lair:6   | Entered Level 6 of the Lair of Beasts
 16076 | Lair:6   | Reached XP level 13. HP: 106/133 MP: 12/12
 16437 | Lair:6   | Reached skill level 5 in Dodging
 16475 | Lair:6   | Identified a scroll of acquirement
 16476 | Lair:6   | Got a glittering ruby amulet
 16477 | Lair:6   | Identified the amulet of Demons {rPois rC+ Regen+ Str-4 Int+7} (You acquired it on level 6 of the Lair of Beasts)
 17467 | Lair:6   | Found a staircase to the Slime Pits.
 17506 | Lair:6   | Found a viscous altar of Jiyva.
 18095 | D:8      | Fell from the grace of Elyvilon
 18095 | D:8      | Became a worshipper of Dithmenos the Shadowed
 18740 | Lair:6   | Reached skill level 17 in Unarmed Combat
 18976 | Lair:6   | Noticed a dire elephant
 19397 | D:11     | Noticed Maurice
 19404 | D:11     | Killed Maurice
 19471 | D:11     | Reached * piety under Dithmenos
 20124 | D:11     | Noticed Josephine
 20128 | D:11     | Killed Josephine
 20444 | D:12     | Found Qamenny's General Store.
 20447 | D:12     | Bought a meat ration for 55 gold pieces
 20447 | D:12     | Bought a scroll of teleportation for 33 gold pieces
 20447 | D:12     | Bought 4 fruits for 66 gold pieces
 20702 | D:12     | Reached ** piety under Dithmenos
 21172 | D:12     | Reached XP level 14. HP: 106/146 MP: 13/13
 21310 | D:12     | Found Zyagg's Distillery.
 21323 | D:12     | Bought a potion of heal wounds for 65 gold pieces
 21323 | D:12     | Bought a potion of heal wounds for 65 gold pieces
 21323 | D:12     | Bought 3 potions of might for 156 gold pieces
 21913 | D:12     | Reached *** piety under Dithmenos
 22533 | D:13     | Noticed Rupert
 22752 | Orc:1    | Entered Level 1 of the Orcish Mines
 23004 | Orc:1    | Upgraded the game from 0.20-a0-1020-g7b9e4fe to 0.20-a0-1026-gc3ddcbd
 23152 | Orc:2    | Entered Level 2 of the Orcish Mines
 23485 | Orc:1    | Reached skill level 18 in Unarmed Combat
 23714 | Orc:1    | Reached **** piety under Dithmenos
 23897 | Orc:2    | Found a roughly hewn altar of Beogh.
 23973 | Orc:2    | Found a roughly hewn altar of Beogh.
 23982 | Orc:2    | Found Ichulel's Food Shoppe.
 23987 | Orc:2    | Bought a bread ration for 70 gold pieces
 23987 | Orc:2    | Bought a meat ration for 70 gold pieces
 23987 | Orc:2    | Bought a meat ration for 70 gold pieces
 23987 | Orc:2    | Bought a royal jelly for 28 gold pieces
 23987 | Orc:2    | Bought a meat ration for 70 gold pieces
 23987 | Orc:2    | Bought a bread ration for 70 gold pieces
 24003 | Orc:2    | Found a roughly hewn altar of Beogh.
 24010 | Orc:2    | Found a staircase to the Elven Halls.
 24067 | Orc:2    | Noticed an orc warlord
 24285 | Orc:1    | Killed an orc warlord
 24519 | Orc:2    | Reached ***** piety under Dithmenos
 24572 | Orc:2    | Found a roughly hewn altar of Beogh.
 24896 | Orc:2    | Found a roughly hewn altar of Beogh.
 24901 | Orc:2    | Found Micet's Food Shoppe.
 24931 | Orc:2    | Found a roughly hewn altar of Beogh.
 25223 | Orc:2    | Found Qoycs's Antique Weapon Emporium.
 25224 | Orc:2    | Found a roughly hewn altar of Beogh.
 25225 | Orc:2    | Found Jaew Hos's Antique Armour Shoppe.
 25238 | Orc:2    | Bought a glowing shield for 225 gold pieces
 25510 | Orc:1    | Reached skill level 1 in Shields
 26232 | D:11     | Upgraded the game from 0.20-a0-1026-gc3ddcbd to 0.20-a0-1034-gb277f92
 26639 | D:13     | HP: 3/146 [Rupert/battleaxe of flaming (8)]
 26640 | D:13     | Mangled by a basilisk

Vault maps used:
D:1:      erik_arrival_cave_to_civilisation, minmay_tromino_v4_a
D:2:      chequers_ecumenical_altar_lobes
D:4:      old_forge, old_standard_altar, serial_shops, shop, serial_undead,
          serial_undead_c, serial_undead_c, serial_undead_f, serial_undead_b,
          serial_undead_a, serial_undead_a, serial_undead_b, serial_undead_f,
          serial_undead_b, serial_undead_d, uniq_robin, uniq_crazy_yiuf_cottage,
          uniq_duvessa, uniq_natasha
D:5:      first_bread, minmay_crystal_room, grunt_ministairs_15, uniq_sigmund,
          uniq_blork_the_orc, uniq_grinder, uniq_iyjb
D:6:      minitemple, gammafunk_temple_overflow_wave, temple_fountains,
          minmay_ruffians, uniq_menkaure
D:7:      the_bakery
D:8:      kennysheep_mini_moat, serial_shops,
          nicolae_shop_competitors_out_of_business, serial_bayou_lagoon_a,
          nicolae_dithmenos_the_darkroom, uniq_pikel
D:9:      minmay_orc_entry_temple_small, uniq_erolcha, uniq_erica
D:10:     david_lair_generic, uniq_harold
D:11:     uniq_maurice, uniq_josephine
D:12:     serial_shops, shop, nicolae_shop_behind_doors
D:13:     lightli_vaults_fourway_checkpoint, uniq_rupert
Temple:   regret_index_temple_generic_petals
Lair:1:   infiniplex_staircase_pool_2
Lair:2:   grunt_megastairs_5, minmay_lair_oklob_chamber, uniq_urug
Lair:3:   minmay_snake_entry_guardpost_medium, beast_lair_carwin_11,
          grunt_megastairs_4
Lair:4:   elwin_shoals_entry_rooms, pf_torpor_hydra, serial_bayou_shore_b,
          lemuel_fruit_tree
Lair:5:   serial_bayou_shore_b, grunt_megastairs_3, serial_bayou_shore_a,
          infiniplex_staircase_pool
Lair:6:   evil_forest, slime_altar_1, serial_bayou_crossing,
          serial_bayou_shore_b, grunt_megastairs_2
Orc:1:    nicolae_orc_accident_3
Orc:2:    grunt_orc_community_town_hall, grunt_orc_community_big_house_2,
          grunt_orc_community_big_house_2, grunt_orc_community_house_1,
          grunt_orc_community_house_1, grunt_orc_community_house_1,
          grunt_orc_community_house_1, nicolae_volcano_entry_two_sided,
          basic_altar

Skill      XL: |  1  2  3  4  5  6  7  8  9 10 11 12 13 14 |
---------------+-------------------------------------------+-----
Unarmed Combat | 1 2 3 4 6 7 9 11 13 15 16 17 18 | 18.3
Fighting       | 2 3 4 5 7 8 9 10 11 | 11.6
Dodging        | 2 4 6 7 |  7.6
Armour         | 1 4 |  4.2
Shields        | 2 |  2.4
Throwing       | |  3.6
Stealth        | |  0.3

Action                   |  1- 3 |  4- 6 |  7- 9 | 10-12 | 13-15 || total
-------------------------+-------+-------+-------+-------+-------++-------
Melee: Unarmed           |    92 |   112 |   282 |   654 |   918 ||  2058
       Punch             |       |       |    11 |    40 |    85 ||   136
       Headbutt          |       |       |     2 |     1 |       ||     3
       Eveningstar       |       |       |       |       |    27 ||    27
Throw: Throwing net      |       |       |       |       |     6 ||     6
       Large rock        |       |       |       |       |    14 ||    14
 Cast: Beastly Appendage |       |       |     3 |     1 |       ||     4
Invok: Heal Other        |       |       |       |     3 |     6 ||     9
Evoke: Wand              |       |       |       |     6 |    12 ||    18
  Use: Scroll            |     4 |     5 |     9 |    20 |     9 ||    47
       Potion            |       |     1 |     5 |     8 |    18 ||    32
 Stab: Sleeping          |     1 |     1 |     1 |     1 |     3 ||     7
       Distracted        |     1 |       |       |       |       ||     1
       Paralysed         |       |       |       |     3 |       ||     3
  Eat: Chunk             |     3 |     3 |    20 |    35 |    66 ||   127
       Fruit             |     1 |     2 |       |     1 |    10 ||    14
       Meat ration       |     1 |     1 |     2 |     1 |     3 ||     8
       Bread ration      |     1 |       |     1 |    10 |     3 ||    15
       Royal jelly       |       |       |       |     1 |     1 ||     2
Armor: Robe              |    35 |    43 |    93 |   145 |   237 ||   553
Dodge: Dodged            |    36 |    62 |   133 |   239 |   498 ||   968
Block: Other             |       |       |       |    60 |    82 ||   142
       Reflection        |       |       |       |       |     2 ||     2
       Shield            |       |       |       |       |    73 ||    73
